 Dungeon Crawl Stone Soup version 0.28.0-47-ge53b351184 (webtiles) character file.

Game seed: 7775237148417265652

79 Eitelfritz the Grave Robber (level 4, -7/30 HPs)
             Began as a Demonspawn Necromancer on May 4, 2022.
             Mangled by a yak (11 damage)
             ... on level 3 of the Dungeon.
             The game lasted 00:08:59 (3397 turns).

Eitelfritz the Grave Robber (DsNe)                  Turns: 3397, Time: 00:08:59

Health: -7/30      AC:  4    Str: 10    XL:     4   Next: 17%
Magic:  8/8        EV: 12    Int: 17    God:
Gold:   68         SH:  0    Dex: 13    Spells: 6/8 levels left

rFire   . . .      SeeInvis .   a - +1 dagger (pain)
rCold   . . .      Faith    .   (no shield)
rNeg    . . .      Spirit   .   e - +0 robe
rPois   .          Reflect  .   (helmet restricted)
rElec   .          Harm     .   l - +0 cloak
rCorr   .          Rampage  .   b - +0 pair of gloves
Will    .....                   (no boots)
Stlth   ++........              i - amulet of magic regeneration
HPRegen 0.10/turn               (no ring)
MPRegen 0.51/turn               (no ring)

@: no status effects
A: horns 2
a: no special abilities


You were on level 3 of the Dungeon.
You visited 1 branch of the dungeon, and saw 4 of its levels.

You collected 68 gold pieces.

Inventory:

Hand Weapons
 a - a +1 dagger of pain (weapon)
 o - a +0 dagger of electrocution
Armour
 b - a +0 pair of gloves (worn)
 e - a +0 robe (worn)
 l - a +0 cloak (worn)
 p - a +0 leather armour
Jewellery
 d - a ring of positive energy
 i - an amulet of magic regeneration (around neck)
 r - an amulet of faith
Scrolls
 c - a scroll of summoning {unknown}
 f - a scroll of torment {unknown}
 g - a scroll of fog
 h - a scroll of enchant weapon {unknown}
 k - a scroll of enchant armour {unknown}
 m - a scroll of identify {unknown}
 q - a scroll of noise {unknown}
Potions
 n - 2 potions of curing


   Skills:
 + Level 1.9 Dodging
 + Level 2.1 Stealth
 + Level 2.8 Spellcasting
 + Level 5.5 Necromancy


You had 6 spell levels left.
You knew the following spells:

 Your Spells              Type           Power      Damage    Failure   Level
a - Pain                  Necr           84%        1d8       1%          1
b - Animate Skeleton      Necr           42%        N/A       1%          1

Your spell library contained the following spells:

 Spells                   Type           Power      Damage    Failure   Level
 Vampiric Draining        Necr           21%        2d7       5%          3
 Animate Dead             Necr           10%        N/A       19%         4
 Agony                    Necr           21%        N/A       45%         5
 Ignite Poison            Fire/Tmut/Pois 2%         N/A       47%         3
 Mephitic Cloud           Conj/Pois/Air  2%         N/A       47%         3
 Summon Ice Beast         Ice/Summ       2%         N/A       87%         4
 Freezing Cloud           Conj/Ice/Air   1%         6-21      99%         5
 Summon Mana Viper        Hex/Summ       2%         N/A       99%         5
 Monstrous Menagerie      Summ           1%         N/A       100%        7


Dungeon Overview and Level Annotations

Branches:
Dungeon (4/15)
 Temple: D:4-7

Altars:


Innate Abilities, Weirdness & Mutations

You have a pair of horns on your head.


Message History

Press: ? - help, Q - select action, (/) - cycle Shift-Dir - straight line, f/p - yak
Aim: a yak (lightly wounded, 68% to hit)
You throw a poisoned dart.
The poisoned dart barely misses the yak.
The yak gores you!
* * * LOW HITPOINT WARNING * * *
Throw: 2 darts (poison)
Press: ? - help, Q - select action, (/) - cycle Shift-Dir - straight line, f/p - yak
Aim: a yak (lightly wounded, 68% to hit)
You throw a poisoned dart. The poisoned dart hits the yak.
The yak is poisoned.
The yak is lightly wounded.
The yak barely misses you.
The yak looks more healthy.
Throw: dart (poison)
Press: ? - help, Q - select action, (/) - cycle Shift-Dir - straight line, f/p - yak
Aim: a yak (lightly wounded, 68% to hit)
You throw a poisoned dart. The poisoned dart hits the yak.
The yak is poisoned.
The yak is lightly wounded.
The yak closely misses you.
The yak looks more healthy.
Casting: Pain (safe; 1% risk of failure)
Confirm with . or Enter, or press ? or * to list all spells.
Aiming: Pain (safe; 1% risk of failure)
Press: ? - help, Shift-Dir - straight line, f/p - yak
Aim: a yak (lightly wounded, chance to affect: 80%)
The yak writhes in agony.
The yak closely misses you.
Casting: Pain (safe; 1% risk of failure)
Confirm with . or Enter, or press ? or * to list all spells.
Aiming: Pain (safe; 1% risk of failure)
Press: ? - help, Shift-Dir - straight line, f/p - yak
Aim: a yak (moderately wounded, chance to affect: 80%)
The yak writhes in agony.
The yak gores you.
* * * LOW HITPOINT WARNING * * *
Unknown command.
You feel better. The yak gores you.
* * * LOW HITPOINT WARNING * * *
Unknown command.
As you read the scroll labelled DALOROM WEFED, it crumbles to dust.
The scroll dissolves into smoke.
It was a scroll of fog.
The yak gores you!
You die...

.# .# .# ### .# #.#
.#################.# ######
......(.......(....### ###....#
.........#######.....# #.#....##
.#######.#########§######.#......
..............§Y@§§.....(...>....
......##.#########+#'####.#......
.####.##.########...)..##.#......
.###.....#.............##.#......
.##......#.............##.#......
..'......'.............##.#####.(
###......###..###......##.# ###
#......# ##.###......##.#
###......# #.†.........##.#


You could see a yak.

Vanquished Creatures
  2 adders
  A dart slug (D:1)
  3 orcs (D:3)
  4 bats
  7 endoplasms
  A giant cockroach (D:3)
  5 goblins
  4 hobgoblins
  4 jackals (D:3)
  4 kobolds
  2 quokkas (D:1)
  2 ball pythons (D:3)
  2 frilled lizards (D:1)
  7 rats
48 creatures vanquished.

Vanquished Creatures (collateral kills)
  A dart slug (D:3)
1 creature vanquished.

Grand Total: 49 creatures vanquished

Notes
Turn   | Place    | Note
-------+----------+-------------------------------------------
     0 | D:1      | Eitelfritz the Demonspawn Necromancer began the quest for
                  | the Orb.
     0 | D:1      | Reached XP level 1. HP: 13/13 MP: 3/3
   209 | D:1      | Found a faded altar of an unknown god.
   244 | D:1      | Learned a level 1 spell: Animate Skeleton
   414 | D:1      | Gained mutation: You have a pair of small horns on your
                  | head. [demonic ancestry]
   414 | D:1      | Reached XP level 2. HP: 15/19 MP: 0/5
   589 | D:1      | You fall into a shaft and drop 1 floor!
  1142 | D:1      | Reached skill level 5 in Necromancy
  1471 | D:2      | Reached XP level 3. HP: 12/24 MP: 4/6
  2777 | D:3      | Gained mutation: You have a pair of horns on your head.
                  | [demonic ancestry]
  2777 | D:3      | Reached XP level 4. HP: 24/30 MP: 4/8
  3357 | D:4      | Noticed a yak
  3357 | D:4      | Noticed a yak
  3357 | D:4      | Noticed a yak
  3397 | D:3      | Mangled by a yak

Illustrated notes

Levels and vault maps discovered:
D:1:      enne_arrival_octagon_isle, layout_basic,
          ebering_ecumenical_altar_rust, item_on_display_a
D:2:      layout_loops_cross
D:3:      layout_basic
D:4:      layout_loops_ring, portal_sewer_entry_a

Skill      XL: |  1  2  3 |
---------------+----------+-----
Necromancy     | 5 |  5.5
Stealth        | 2 |  2.1
Dodging        | |  1.9
Spellcasting   | |  2.8

Action                   |  1- 3 |  4- 6 || total
-------------------------+-------+-------++-------
Melee: Unarmed           |    20 |       ||    20
       Dagger            |    10 |     8 ||    18
       Headbutt          |     3 |     2 ||     5
Throw: Dart              |       |     4 ||     4
 Cast: Pain              |    63 |    13 ||    76
       Animate Skeleton  |    13 |     4 ||    17
  Use: Potion            |     1 |     1 ||     2
       Scroll            |       |     1 ||     1
 Stab: Sleeping          |     1 |       ||     1
Armor: Robe              |    17 |     3 ||    20
Dodge: Dodged            |    36 |    10 ||    46
